 Dungeon Crawl Stone Soup version 0.29-a0-360-g8ed1089bbe (webtiles) character file.

Game seed: 15445126500544299535

5315 Shayle the Covert (level 10, -20/64 HPs)
             Began as a Tengu Brigand on Apr 28, 2022.
             Was an Initiate of Ashenzari.
             Killed from afar by a deep elf pyromancer (40 damage)
             ... with a bolt of fire
             ... on level 10 of the Dungeon.
             The game lasted 00:54:10 (9043 turns).

Shayle the Covert (Tengu Brigand)                   Turns: 9043, Time: 00:54:11

Health: -20/64     AC:  8    Str: 14    XL:     10   Next: 64%
Magic:  21/21      EV: 23    Int: 15    God:    Ashenzari [......]
Gold:   443        SH:  0    Dex: 16    Spells: 22/22 levels left

rFire   . . .      SeeInvis .   k - +6 triple sword of Jiseir {venom, Will++ Str+2}
rCold   . . .      Faith    .   (shield currently unavailable)
rNeg    . . .      Spirit   .   s - +0 troll leather armour {Pargi}
rPois   .          Reflect  .   (helmet restricted)
rElec   .          Harm     .   c - +0 cloak
rCorr   .          Rampage  .   m - +2 pair of gloves of Ashenzari's Negligence {Elem, Evo} (curse)
Will    ++...                   (boots unavailable)
Stlth   ++++......              (no amulet)
HPRegen 1.00/turn               r - +4 ring of evasion
MPRegen 0.17/turn               K - +4 ring of slaying

@: flying quickly and evasively, quick
A: beak, talons 3, nimble flight, sturdy frame 1, noise suppression
a: Renounce Religion, Curse Item, Shatter the Chains


You were on level 10 of the Dungeon.
You worshipped Ashenzari.
Ashenzari was noncommittal.
You visited 2 branches of the dungeon, and saw 11 of its levels.
You also visited: Sewer.

You collected 443 gold pieces.

Inventory:

Hand Weapons
 a - a +2 dagger
 k - the +6 triple sword of Jiseir (weapon) {venom, Will++ Str+2}
   (You acquired it on level 9 of the Dungeon)

   It poisons the flesh of those it strikes.
   Str:       It affects your strength (+2).
   Will:      It greatly increases your willpower.
 O - a +5 trident
Missiles
 d - 11 poisoned darts
 e - 4 curare-tipped darts
 f - 8 boomerangs (quivered)
 N - 6 silver javelins
Armour
 b - a +0 robe
 c - a +0 cloak (worn)
 g - a +0 ring mail
 m - the cursed +2 pair of gloves of Ashenzari's Negligence (worn) {Elem, Evo}
   (You found it on level 2 of the Dungeon)

   It has a curse which improves the following skills: Elements: Fire Magic, Ice
   Magic, Air Magic and Earth Magic.
   Evocations: Evocations.
 s - a +0 troll leather armour (worn) {Pargi}
 y - a +0 kite shield
 G - a +0 buckler
 I - +0 steam dragon scales
Magical Staves
 h - a staff of fire
Jewellery
 o - a ring of wizardry
 r - a +4 ring of evasion (left hand)
 t - an amulet of the acrobat
 A - a ring of fire
 K - a +4 ring of slaying (right hand)
 L - a +6 ring of strength
Wands
 J - a wand of polymorph (6)
 P - a wand of mindburst (27)
 R - a wand of paralysis (3)
Scrolls
 j - a scroll of fear
 l - 2 scrolls of teleportation
 u - a scroll of fog
 x - a scroll of amnesia
 F - a scroll of immolation
Potions
 i - 2 potions of might
 n - 3 potions of mutation
 p - 3 potions of flight
 v - 2 potions of brilliance
 w - a potion of degeneration {unknown}
 C - 2 potions of invisibility
 E - a potion of lignification
 H - a potion of haste {unknown}
 M - 4 potions of resistance


   Skills:
 + Level 7.9 Fighting
 - Level 2.1(2.2) Short Blades
 + Level 0.4(1.4) Long Blades
 - Level 2.0 Throwing
 + Level 8.4 Dodging
 - Level 9.1 Stealth
 + Level 6.8 Spellcasting
 + Level 1.1(1.4) Fire Magic
 + Level 1.0(1.2) Ice Magic
 + Level 1.8(2.2) Air Magic
 + Level 0.8(1.1) Earth Magic
 + Level 1.0(1.3) Evocations


You had 22 spell levels left.
You didn't know any spells.
Your spell library contained the following spells:

 Spells                   Type           Power      Damage    Failure   Level
 Animate Skeleton         Necr           10%        N/A       14%         1
 Apportation              Tloc           10%        N/A       14%         1
 Pain                     Necr           20%        1d5       14%         1
 Gell's Gravitas          Tloc           5%         N/A       38%         3
 Lesser Beckoning         Tloc           5%         N/A       38%         3
 Teleport Other           Tloc           5%         N/A       38%         3
 Vampiric Draining        Necr           5%         2d6       38%         3
 Hailstorm                Conj/Ice       7%         3d4       71%         4
 Ice Form                 Ice/Tmut       7%         N/A       71%         4
 Alistair's Intoxication  Tmut/Pois      3%         N/A       98%         5
 Simulacrum               Ice/Necr       3%         N/A       100%        6
 Malign Gateway           Summ/Tloc      2%         N/A       100%        7
 Summon Horrible Things   Summ           2%         N/A       100%        8


Dungeon Overview and Level Annotations

Branches:
Dungeon (10/15)            Temple (1/1) D:7            Lair (0/6) D:9
    Orc (0/2) D:9           Sewer (visited)

Altars:
Ashenzari
Cheibriados
Dithmenos
Elyvilon
Fedhas
Gozag
Hepliaklqana
Makhleb
Okawaru
Qazlal
Sif Muna
Uskayaw
Xom
Yredelemnul
The Shining One

Annotations:
D:5 Pikel


Innate Abilities, Weirdness & Mutations

You have a beak for a mouth.
You have claws for feet.
Your magical nature lets you fly swiftly and evasively.
Your movements are slightly less encumbered by armour. (ER -2)
You passively dampen the noise of your surroundings.


Message History

The centaur warrior unwields a +2 short sword of venom.
It stops dripping with poison.
The centaur warrior wields a +0 longbow.
The centaur warrior shoots an arrow.
The arrow hits you!
The centaur warrior shoots an arrow.
The arrow misses you.
You see here a goblin corpse.
The centaur warrior shoots an arrow.
The arrow hits you!
Okay, then.
A boulder beetle comes into view.
The boulder beetle curls into a ball and begins rolling!
The centaur warrior shoots an arrow.
The arrow hits you!
You see here a +0 hunting sling.
As you read the scroll of fear, it crumbles to dust.
You assume a fearsome visage.
The centaur warrior looks frightened!
The meliai looks frightened!
The meliai buzzes angrily.
The boulder beetle easily resists.
As you read the scroll of teleportation, it crumbles to dust.
You feel strangely unstable. The boulder beetle hits you!!
Ouch! That really hurt!
* * * LOW HITPOINT WARNING * * *
The boulder beetle stops rolling and uncurls.
Okay, then.
Okay, then.
Okay, then.
You hit the boulder beetle but do no damage.
You claw the boulder beetle, but do no damage.
The boulder beetle completely misses you.
You see here a +0 halberd.
Your surroundings suddenly seem different.
A troll comes into view.
Found 8 gold pieces and 2 scrolls of teleportation.
You start resting.
A deep elf pyromancer comes into view.
It is wielding a +1 long sword of freezing.
The deep elf pyromancer shouts!
The troll shouts!
The deep elf pyromancer casts a spell at you.
The bolt of fire hits you!!!
Ouch! That really hurt!
You die...

####### #.....#
#.#.#.#.#.#T
#...@.......
#....#.#.#.#.#.
#e###...... ..
##.#$#.#
........ #.#.#
#.# ###.# .# .?
.


You could see a deep elf pyromancer and a troll.

Vanquished Creatures
  A troll (D:9)
  A wyvern (D:9)
  Grum (D:8)
  4 steam dragons
  Menkaure (D:4)
  A water moccasin (D:5)
  Duvessa (D:4)
  4 orc warriors
  2 sky beasts
  Pargi (Sewer)
  3 ice beasts
  2 black bears
  4 wolves
  A phantom (D:5)
  A centaur (D:9)
  A kobold brigand (Sewer)
  A necrophage (D:7)
  3 bullfrogs
  A gnoll sergeant (D:10)
  6 scorpions
  8 wights
  Dowan (D:4)
  3 killer bees (D:9)
  An electric eel (D:6)
  5 howler monkeys
  A hound (D:6)
  3 orc priests
  4 jellies
  8 iguanas
  6 orc wizards
  4 gnolls (D:10)
  10 adders
  2 white imps
  An ufetubus (D:7)
  7 worms
  2 dart slugs
  23 orcs
  6 ball pythons
  6 endoplasms
  4 giant cockroaches
  15 goblins
  8 hobgoblins
  9 jackals
  10 kobolds
  4 quokkas
  5 bats
  6 frilled lizards
  8 rats
210 creatures vanquished.

Vanquished Creatures (others)
  An orc wizard (D:9)
  2 orcs
3 creatures vanquished.

Grand Total: 213 creatures vanquished

Notes
Turn   | Place    | Note
-------+----------+-------------------------------------------
     0 | D:1      | Shayle the Tengu Brigand began the quest for the Orb.
     0 | D:1      | Reached XP level 1. HP: 12/12 MP: 2/2
   384 | D:1      | Reached XP level 2. HP: 17/17 MP: 3/3
   772 | D:1      | Reached XP level 3. HP: 22/22 MP: 5/5
   802 | D:1      | Reached skill level 1 in Spellcasting
  1546 | D:2      | Found a shimmering blue altar of Sif Muna.
  1812 | D:2      | Reached XP level 4. HP: 17/27 MP: 6/6
  2079 | D:2      | You fall into a shaft and drop 2 floors!
  2452 | D:3      | Gained mutation: Your magical nature lets you fly swiftly
                  | and evasively. [Tengu growth]
  2452 | D:3      | Reached XP level 5. HP: 32/32 MP: 8/8
  2474 | D:3      | Found a shadowy altar of Dithmenos.
  2554 | D:3      | Found a glowing drain.
  2560 | Sewer    | Entered a sewer
  2585 | Sewer    | Noticed Pargi
  2600 | Sewer    | Killed Pargi
  2601 | Sewer    | Reached skill level 5 in Stealth
  2601 | Sewer    | Reached XP level 6. HP: 37/37 MP: 8/10
  3119 | D:4      | Found a hazy altar of Hepliaklqana.
  3168 | D:4      | Found a glowing golden altar of the Shining One.
  3169 | D:4      | Found a hide-covered altar of Uskayaw.
  3169 | D:4      | Found a blossoming altar of Fedhas.
  3185 | D:4      | Noticed Menkaure
  3190 | D:4      | Killed Menkaure
  3191 | D:4      | Reached XP level 7. HP: 43/43 MP: 12/12
  3363 | D:4      | Noticed Dowan
  3378 | D:4      | Killed Dowan
  3446 | D:4      | Noticed Duvessa
  3453 | D:4      | Gained mutation: Your movements are slightly less
                  | encumbered by armour. (ER -2) [potion of mutation]
  3453 | D:4      | Gained mutation: You passively dampen the noise of your
                  | surroundings. [potion of mutation]
  3456 | D:4      | Killed Duvessa
  3457 | D:4      | Reached skill level 6 in Stealth
  3650 | D:4      | Reached XP level 8. HP: 34/48 MP: 14/14
  3762 | D:4      | Reached skill level 5 in Dodging
  3777 | D:4      | Reached skill level 5 in Fighting
  3861 | D:5      | Entered Level 5 of the Dungeon
  4084 | D:5      | Noticed Pikel
  4268 | D:5      | Reached skill level 7 in Stealth
  4623 | D:6      | Reached XP level 9. HP: 55/55 MP: 17/17
  4647 | D:6      | Reached skill level 5 in Spellcasting
  5351 | D:7      | Found a staircase to the Ecumenical Temple.
  5360 | Temple   | Entered the Ecumenical Temple
  5397 | Temple   | Became a worshipper of Ashenzari the Shackled
  5919 | D:7      | Reached skill level 8 in Stealth
  6433 | D:8      | Noticed Grum
  6632 | D:8      | Reached XP level 10. HP: 63/63 MP: 20/20
  6902 | D:8      | Killed Grum
  7238 | D:9      | Found a basalt altar of Yredelemnul.
  8039 | D:9      | Reached skill level 9 in Stealth
  8109 | D:9      | Found a staircase to the Orcish Mines.
  8112 | D:9      | Found a staircase to the Lair.
  8331 | D:9      | Found a white marble altar of Elyvilon.
  8477 | D:9      | Found a shimmering altar of Xom.
  8598 | D:9      | Found a burning altar of Makhleb.
  8679 | D:9      | Identified a scroll of acquirement
  8679 | D:9      | Acquired the +6 triple sword of Jiseir {venom, Will++
                  | Str+2}
  8706 | D:9      | Reached skill level 1 in Air Magic
  8793 | D:9      | Reached skill level 1 in Fire Magic
  8898 | D:10     | Entered Level 10 of the Dungeon
  8926 | D:10     | Reached skill level 1 in Ice Magic
  8926 | D:10     | Reached skill level 1 in Evocations
  8973 | D:10     | Noticed a green ugly thing
  9015 | D:10     | Noticed a purple ugly thing
  9015 | D:10     | Noticed a boulder beetle
  9016 | D:10     | Noticed a centaur warrior
  9029 | D:10     | Noticed a boulder beetle
  9042 | D:10     | Noticed a deep elf pyromancer
  9043 | D:10     | Killed from afar by a deep elf pyromancer

Illustrated notes

Levels and vault maps discovered:
D:1:      co_arrival_hexagon_in_a_hexagon, layout_basic, serial_glass,
          glass_columns_a, glass_columns_a, due_unseen_surprise,
          item_on_display_a, feat_on_display, minmay_strange_pillars,
          minmay_misc_feat_x
D:2:      layout_loops_ring, serial_rivers, chequers_serial_rivers_small_3,
          chequers_serial_rivers_micro_c, chequers_serial_rivers_micro_d,
          chequers_serial_rivers_micro_d, chequers_serial_rivers_small_b,
          basic_altar
D:3:      layout_basic, grunt_dithmenos_smoke_and_mirrors,
          gup_sewer_entry_bubbles
D:4:      layout_loops_ring, mainiacjoe_overflow_six_doors_small,
          chequers_temple_overflow_statue_of_worship, uniq_duvessa,
          uniq_menkaure
D:5:      layout_loops_cross, uniq_pikel
D:6:      layout_rooms, st_stairs_8, minmay_misc_feat_hallway,
          hangedman_decor_peaks_small, nicolae_lava_and_water, minmay_holes,
          corexii_shack, amcnicky_mini_rare_corridor_liquid, minmay_small_thing
D:7:      layout_basic, minmay_temple_entry_glass
D:8:      layout_basic, uniq_grum
D:9:      layout_basic, kennysheep_ying_yang, lemuel_coloured_pillars_altar,
          tgw_xom, lair_entry_dummy
D:10:     layout_loops_ring, enter_bailey_5, minmay_door_square, st_stairs_12,
          minivault_28, uniq_josephine, uniq_nergalle
Temple:   oiseaux_autumnal_temple

Skill      XL: |  1  2  3  4  5  6  7  8  9 10 |
---------------+-------------------------------+-----
Spellcasting   | 1 2 3 4 6 |  6.8
Dodging        | 2 3 4 6 7 8 |  8.4
Fighting       | 3 4 5 7 |  7.9
Stealth        | 5 6 7 8 9 |  9.1
Air Magic      | 1 |  1.8
Fire Magic     | 1 |  1.1
Ice Magic      | 1 |  1.0
Evocations     | 1 |  1.0
Short Blades   | |  2.1
Long Blades    | |  0.4
Throwing       | |  2.0
Earth Magic    | |  0.8

Action                   |  1- 3 |  4- 6 |  7- 9 | 10-12 || total
-------------------------+-------+-------+-------+-------++-------
Melee: Dagger            |   104 |    79 |   272 |       ||   455
       Kick              |    21 |    24 |   109 |    39 ||   193
       Peck              |    17 |    19 |    59 |    22 ||   117
       Punch             |       |     1 |     3 |     1 ||     5
       Trident           |       |       |    14 |    86 ||   100
       Triple sword      |       |       |       |    27 ||    27
Throw: Dart              |       |     4 |     3 |    14 ||    21
       Javelin           |       |       |    12 |       ||    12
Invok: Curse Item        |       |       |       |     1 ||     1
Evoke: Wand              |       |     8 |     3 |     4 ||    15
  Use: Scroll            |       |     1 |     4 |    18 ||    23
       Potion            |       |       |     7 |     2 ||     9
 Stab: Sleeping          |     4 |    10 |    15 |     4 ||    33
       Distracted        |     1 |       |       |     2 ||     3
Armor: Robe              |     4 |       |       |       ||     4
       Ring mail         |    29 |     4 |       |       ||    33
       Troll leather arm |       |     9 |    31 |    21 ||    61
       Skin              |       |       |    16 |       ||    16
Dodge: Dodged            |    47 |    59 |   192 |   169 ||   467
Block: Kite shield       |       |       |       |    27 ||    27

Table legend: (Time is in decaauts)
 A = Elapsed time spent in this place.
 B = Non-inter-level travel time spent in this place.
 C = Inter-level travel time spent in this place.
 D = Time resting spent in this place.
 E = Time spent auto-exploring this place.
 F = Levels seen in this place.
 G = Mean time per level.
                   A        B        C        D        E       F      G
               +--------+--------+--------+--------+--------+-----+--------+
         Total |   8594 |   8225 |    369 |   1196 |   3928 |  12 |  716.2 |
       Dungeon |   8394 |   8046 |    348 |   1182 |   3907 |  10 |  839.4 |
        Temple |     55 |     35 |     20 |      0 |     20 |   1 |   55.0 |
         Sewer |    145 |    145 |      0 |     14 |      0 |   1 |  145.0 |
               +--------+--------+--------+--------+--------+-----+--------+

Top non-repeatable levels by time:
     D:9: 1506 daAuts
     D:1: 1352 daAuts
     D:2: 944 daAuts
     D:4: 937 daAuts
     D:7: 835 daAuts
     D:8: 815 daAuts
     D:5: 699 daAuts
     D:6: 630 daAuts
     D:3: 526 daAuts
    D:10: 145 daAuts
   Sewer: 145 daAuts
  Temple: 55 daAuts
